 Dungeon Crawl Stone Soup version 0.25-a0-166-g16436c4407 (webtiles) character file.

Game seed: 14875992664765007235, levelgen mode: deterministic

98 1player the Chopper (level 4, 34/40 HPs)
             Began as a Deep Dwarf Fighter on Nov 24, 2019.
             Quit the game on level 2 of the Dungeon.
             The game lasted 00:07:50 (1354 turns).

1player the Chopper (Deep Dwarf Fighter)            Turns: 1354, Time: 00:07:50

Health: 34/40      AC:  8    Str: 21    XL:     4   Next: 43%
Magic:  4/4        EV:  7    Int:  8    God:
Gold:   83         SH:  9    Dex: 12    Spells: 3/3 levels left

rFire    . . .     SeeInvis .   l - +0 hand axe
rCold    . . .     Gourm    .   c - +0 shield
rNeg     . . .     Faith    .   b - +0 scale mail
rPois    .         Spirit   .   (no helmet)
rElec    .         Reflect  .   (no cloak)
rCorr    .         Harm     .   (no gloves)
MR       .....                  j - +0 pair of boots
Stlth    ..........             (no amulet)
HPRegen  0.00/turn              (no ring)
MPRegen  0.09/turn              (no ring)

@: non-regenerating
A: damage resistance, heal wounds, sense surroundings 1, no regeneration
a: Heal Wounds


You were on level 2 of the Dungeon.
You were not hungry.

You visited 1 branch of the dungeon, and saw 2 of its levels.

You collected 83 gold pieces.

Inventory:

Hand Weapons
 a - a +0 war axe
 l - a +0 hand axe (weapon)
Armour
 b - a +0 scale mail (worn)
 c - a +0 shield (worn)
 j - a +0 pair of boots (worn)
Jewellery
 h - an uncursed ring of stealth {unknown}
Scrolls
 k - a scroll of identify {unknown}
Potions
 m - a potion of might
Comestibles
 e - 5 rations {!d}
 i - 7 chunks of flesh


   Skills:
 - Level 2.6 Fighting
 + Level 5.2 Axes
 - Level 3.2 Armour
 - Level 3.2 Shields


You had 3 spell levels left.
You didn't know any spells.
Your spell library was empty.

Dungeon Overview and Level Annotations

Branches:
Dungeon (2/15)

Altars:
Trog


Innate Abilities, Weirdness & Mutations

You are resistant to damage.
You can heal yourself by infusing magical energy.
You passively map a small area around you.
You do not regenerate.


Message History

The adder is severely wounded.
The adder bites you.
You are poisoned.
The adder poisons you! The adder bites you but does no damage.
You slash the adder!
You kill the adder!
You hit the frilled lizard.
You kill the frilled lizard!
Things that are here:
a frilled lizard corpse; an adder corpse Butcher a frilled lizard corpse? [(y)es/(n)o/(a)ll/(q)uit/?]
You butcher the frilled lizard corpse.
You butcher the adder corpse.
i - 6 chunks of flesh (gained 1);
i - 7 chunks of flesh (gained 1)
Things that are here:
a frilled lizard skeleton; an adder skeleton You start waiting.
You are no longer poisoned.
Unknown command.
Are you sure you want to abandon this character and quit the game? (Confirm with "yes".)

.......#.#* , *
#...####.#.#
####...#.# * ,
.........#.##
#...#.# * * * ,
............
#...#.# *, *
.....##...##
#####.# , , ,
.....+....#
#######.#########
#... ####.##
................#
### #.##
*..........#####.#
#.## ..........#
#@#* ** * * * #..#
########### #.#
#..# , ... ,, , ,
#..# ..... , #...
....... , , #.#. ,
........., , #.
........... *#.
*............. #.
, , , #.


There were no monsters in sight!

Vanquished Creatures
  3 gnolls (D:2)
  2 adders (D:2)
  4 leopard geckos
  An orc (D:2)
  A ball python (D:2)
  5 bats
  2 giant cockroaches (D:1)
  4 goblins
  6 hobgoblins
  5 jackals (D:1)
  6 frilled lizards
  2 kobolds (D:1)
  7 rats
48 creatures vanquished.

Notes
Turn   | Place    | Note
-------+----------+-------------------------------------------
     0 | D:1      | 1player the Deep Dwarf Fighter began the quest for the Orb.
     0 | D:1      | Reached XP level 1. HP: 20/20 MP: 1/1
   141 | D:1      | Reached skill level 3 in Axes
   141 | D:1      | Reached XP level 2. HP: 22/27 MP: 2/2
   448 | D:1      | Reached XP level 3. HP: 25/33 MP: 3/3
   479 | D:1      | Reached skill level 4 in Axes
   918 | D:2      | Found a bloodstained altar of Trog.
  1139 | D:2      | Reached XP level 4. HP: 40/40 MP: 4/4
  1147 | D:2      | Reached skill level 5 in Axes
  1354 | D:2      | Quit the game

Levels and vault maps discovered:
D:1:      minmay_arrival_split_and_join, layout_basic, minmay_pentomino_z4
D:2:      layout_basic, trog_butcher_becter

Skill      XL: |  1  2  3  4 |
---------------+-------------+-----
Axes           | 3 4 5 |  5.2
Fighting       | |  2.6
Armour         | |  3.2
Shields        | |  3.2

Action                   |  1- 3 |  4- 6 || total
-------------------------+-------+-------++-------
Melee: War axe           |    90 |       ||    90
       Hand axe          |    23 |    20 ||    43
 Abil: Heal Wounds       |     1 |       ||     1
  Use: Potion            |     2 |       ||     2
  Eat: Chunk             |     1 |     1 ||     2
Armor: Scale mail        |    48 |     5 ||    53
Dodge: Dodged            |    34 |     2 ||    36
Block: Shield            |    57 |     6 ||    63

Table legend:
 A = Non-vault XP
 B = Vault XP
 C = Vault XP percentage of total XP
 D = Non-vault monster count
 E = Vault monster count
 F = Vault count percentage of total count
                 A         B        C        D         E       F
            +---------+---------+-------+---------+---------+-------
      Total |     125 |      15 |  10.7 |      40 |       8 |  16.7
            +---------+---------+-------+---------+---------+-------
        D:1 |      45 |       7 |  13.5 |      25 |       4 |  13.8
        D:2 |      80 |       8 |   9.1 |      15 |       4 |  21.1
            +---------+---------+-------+---------+---------+-------
